 Dungeon Crawl Stone Soup version 0.25-a0-166-g16436c4407 (webtiles) character file.

Game seed: 13375461837534981754, levelgen mode: deterministic

1744068 Shinamin the Conqueror (level 27, 181/273 HPs)
             Began as a Formicid Hunter on Nov 24, 2019.
             Was the Champion of Okawaru.
             Escaped with the Orb
             ... and 3 runes on Nov 25, 2019!
             The game lasted 04:42:59 (72058 turns).

Shinamin the Conqueror (Formicid Hunter)           Turns: 72058, Time: 04:43:00

Health: 181/273    AC: 49    Str: 30    XL:     27
Magic:  42/42      EV: 16    Int: 20    God:    Okawaru [******]
Gold:   3696       SH: 21    Dex: 11    Spells: 33/40 levels left

rFire    + + .     SeeInvis +   a - +9 executioner's axe "Evoxzubab" {vamp, MP+9 Str-5 Dex-4 SInv}
rCold    + . .     Gourm    .   V - +0 large shield {rF+}
rNeg     + + .     Faith    .   k - +9 gold dragon scales
rPois    +         Spirit   .   (helmet unavailable)
rElec    +         Reflect  .   X - +5 cloak of the Old World {-Tele rN+ Regen+ rCorr}
rCorr    +         Harm     .   F - +3 pair of gloves "Pedwid" {MR++ Str-5 Int+2 Stlth+}
MR       ++++.                  t - +0 pair of boots "Noorghuot" {Dex+2 Slay+3 Stlth+}
Stlth    ..........             C - amulet of Esuur {RegenMP rElec Str+6 Dex+2 Stlth+}
HPRegen  0.95/turn              m - ring "Xoacvuha" {*Drain rN+ Str+3 Int+4 Slay+5}
MPRegen  0.53/turn              L - ring of Mizur {EV+4 Str+4 Slay+5}

@: no status effects
A: permanent stasis, dig shafts and tunnels, four strong arms, antennae 3,
molten scales 1, blurry vision 1, deterioration 1, poison resistance, robust 1
0: Orb of Zot
}: 3/15 runes: serpentine, barnacled, silver
a: Dig, Shaft Self, Heroism, Finesse, Renounce Religion


You escaped.
You worshipped Okawaru.
Okawaru was exalted by your worship.
You were full.

You visited 11 branches of the dungeon, and saw 53 of its levels.
You visited the Abyss 1 time.
You visited 1 bazaar.
You also visited: Ice Cave and Wizlab.

You collected 6606 gold pieces.
You spent 2910 gold pieces at shops.

Inventory:

Hand Weapons
 a - the +9 executioner's axe "Evoxzubab" (weapon) {vamp, MP+9 Str-5 Dex-4 SInv}
   (You took it off a deep elf high priest on level 5 of the Vaults)

   It inflicts no extra harm, but heals its wielder when it wounds a living foe.
   It affects your strength (-5).
   It affects your dexterity (-4).
   It affects your magic capacity (+9).
   It lets you see invisible.
 b - the +11 fustibalus of an ossuary {freeze, rElec rPois Int+2}
   (Okawaru gifted it to you on level 2 of the Snake Pit)

   It causes projectiles fired from it to freeze those they strike, causing
   extra injury to most foes and up to half again as much damage against
   particularly susceptible opponents.
   They can also slow down cold-blooded creatures.
   It affects your intelligence (+2).
   It insulates you from electricity.
   It protects you from poison.
Missiles
 c - 61 javelins
 d - 11 throwing nets
 v - 76 sling bullets
 w - 77 silver javelins
 D - 64 boomerangs
 S - 25 curare-tipped darts (quivered)
Armour
 k - +9 gold dragon scales (worn)
 t - the +0 pair of boots "Noorghuot" (worn) {Dex+2 Slay+3 Stlth+}
   (You found it on level 10 of the Dungeon)

   It affects your dexterity (+2).
   It affects your accuracy and damage with ranged weapons and melee attacks
   (+3).
   It makes you more stealthy.
 F - the +3 pair of gloves "Pedwid" (worn) {MR++ Str-5 Int+2 Stlth+}
   (Okawaru gifted it to you on level 15 of the Dungeon)

   It affects your strength (-5).
   It affects your intelligence (+2).
   It affects your resistance to hostile enchantments.
   It makes you more stealthy.
 V - a +0 large shield of fire resistance (worn)
 X - the +5 cloak of the Old World (worn) {-Tele rN+ Regen+ rCorr}
   (You found it on level 14 of the Dungeon)

   It protects you from negative energy.
   It prevents most forms of teleportation.
   It increases your rate of regeneration.
   It provides partial protection from all sources of acid and corrosion.
Jewellery
 m - the ring "Xoacvuha" (left hand) {*Drain rN+ Str+3 Int+4 Slay+5}
   (You bought it in a shop on level 3 of the Snake Pit)

   [ring of intelligence]

   It affects your strength (+3).
   It affects your intelligence (+4).
   It affects your accuracy and damage with ranged weapons and melee attacks
   (+5).
   It protects you from negative energy.
   It causes draining when unequipped.
 C - the amulet of Esuur (around neck) {RegenMP rElec Str+6 Dex+2 Stlth+}
   (You found it on level 4 of the Depths)

   [amulet of magic regeneration]

   It increases your magic regeneration.
   It affects your strength (+6).
   It affects your dexterity (+2).
   It insulates you from electricity.
   It makes you more stealthy.
 L - the ring of Mizur (right hand) {EV+4 Str+4 Slay+5}
   (You bought it in a shop on level 3 of the Snake Pit)

   [ring of evasion]

   It affects your evasion (+4).
   It affects your strength (+4).
   It affects your accuracy and damage with ranged weapons and melee attacks
   (+5).
Wands
 e - a wand of iceblast (20)
 p - a wand of digging (11)
 K - a wand of clouds (2)
 W - a wand of acid (45)
Scrolls
 o - 6 scrolls of identify
 r - 3 scrolls of silence
 s - 3 scrolls of magic mapping
 x - 5 scrolls of immolation
 z - a scroll of enchant weapon
 B - 29 scrolls of remove curse
 G - 12 scrolls of fog
 H - 4 scrolls of summoning
 M - 12 scrolls of fear
Potions
 h - 7 potions of flight
 i - 3 potions of agility
 j - 2 potions of might
 l - 7 potions of ambrosia
 n - 20 potions of curing
 u - 9 potions of brilliance
 I - 9 potions of heal wounds
 N - 7 potions of mutation
 P - 2 potions of invisibility
 U - 4 potions of cancellation
 Y - 7 potions of magic
 Z - 2 potions of resistance
Miscellaneous
 q - 6 boxes of beasts
 y - a lamp of fire
 O - 6 phantom mirrors
 Q - a phial of floods
Comestibles
 f - 60 rations


   Skills:
 O Level 27 Fighting
   Level 7.4 Short Blades
 - Level 21.5 Axes
   Level 0.4(14.7) Maces & Flails
 - Level 3.6(16.4) Slings
 - Level 21.9(22.0) Throwing
 - Level 23.0 Armour
 * Level 11.7 Dodging
 - Level 1.2 Stealth
 - Level 15.0 Shields
 - Level 7.0 Spellcasting
 - Level 6.4 Charms
 - Level 5.0 Necromancy
 - Level 5.0 Transmutations
 - Level 5.0 Earth Magic
 - Level 12.0 Invocations
 * Level 11.7 Evocations


You had 33 spell levels left.
You knew the following spells:

 Your Spells              Type           Power        Failure   Level  Hunger
a - Song of Slaying       Chrm           ####....     8%          2    None
b - Regeneration          Chrm/Necr      ####......   21%         3    #......
c - Passwall              Tmut/Erth      ####....     14%         2    None

Your spell library contained the following spells:

 Spells                   Type           Power        Failure   Level  Hunger
 Infusion                 Chrm           ####         4%          1    None
 Animate Skeleton         Necr           N/A          9%          1    None
 Beastly Appendage        Tmut           ####..       9%          1    None
 Sandblast                Erth           ####..       9%          1    None
 Corpse Rot               Necr           N/A          14%         2    None
 Sticks to Snakes         Tmut           ####....     14%         2    None
 Sublimation of Blood     Necr           ####......   14%         2    None
 Vampiric Draining        Necr           ####......   26%         3    #......
 Shroud of Golubria       Chrm/Tloc      ###...       28%         2    None
 Swiftness                Chrm/Air       ###.....     28%         2    None
 Spectral Weapon          Hex/Chrm       ###.....     50%         3    #......
 Apportation              Tloc           #.....       56%         1    None
 Confusing Touch          Hex            #.....       56%         1    None
 Corona                   Hex            #......      56%         1    None
 Flame Tongue             Conj/Fire      #....        56%         1    None
 Magic Dart               Conj           #...         56%         1    None
 Shock                    Conj/Air       #...         56%         1    None
 Sting                    Conj/Pois      #...         56%         1    None
 Summon Butterflies       Summ           #.......     56%         1    None
 Summon Small Mammal      Summ           #...         56%         1    None
 Spider Form              Tmut/Pois      ###.......   58%         3    #......
 Stone Arrow              Conj/Erth      ###...       58%         3    #......
 Animate Dead             Necr           N/A          65%         4    ###....
 Petrify                  Tmut/Erth      ####....     65%         4    ###....
 Call Imp                 Summ           #.......     71%         2    None
 Ensorcelled Hibernation  Hex/Ice        #.....       71%         2    None
 Poisonous Vapours        Pois/Air       #.....       71%         2    None
 Searing Ray              Conj           #.....       71%         2    None
 Slow                     Hex            #.......     71%         2    None
 Excruciating Wounds      Chrm/Necr      ####......   88%         5    #####..
 Call Canine Familiar     Summ           #.......     91%         3    #......
 Confuse                  Hex            #.......     91%         3    #......
 Conjure Flame            Conj/Fire      #.......     91%         3    #......
 Dazzling Spray           Conj/Hex       #.....       91%         3    #......
 Gell's Gravitas          Tloc           #.........   91%         3    #......
 Inner Flame              Hex/Fire       #.......     91%         3    #......
 Lesser Beckoning         Tloc           #.........   91%         3    #......
 Mephitic Cloud           Conj/Pois/Air  #.......     91%         3    #......
 Portal Projectile        Hex/Tloc       #.....       91%         3    #......
 Recall                   Summ/Tloc      N/A          91%         3    #......
 Static Discharge         Conj/Air       #.......     91%         3    #......
 Summon Guardian Golem    Hex/Summ       #.......     91%         3    #......
 Tukima's Dance           Hex            #.......     91%         3    #......
 Ice Form                 Ice/Tmut       ###.....     94%         4    ###....
 Leda's Liquefaction      Hex/Erth       ###.......   94%         4    ###....
 Agony                    Necr           ####....     94%         5    #####..
 Blade Hands              Tmut           ####......   94%         5    #####..
 Borgnjor's Vile Clutch   Necr/Erth      ####......   94%         5    #####..
 Dispel Undead            Necr           ####....     94%         5    #####..
 Lee's Rapid Deconstruct  Erth           ####......   94%         5    #####..
 Iskenderun's Battlesphe  Conj/Chrm      ###.....     99%         5    #####..
 Airstrike                Air            #.........   100%        4    ###....
 Cause Fear               Hex            #.........   100%        4    ###....
 Force Lance              Conj/Tloc      #.......     100%        4    ###....
 Fulminant Prism          Conj/Hex       #.........   100%        4    ###....
 Iskenderun's Mystic Bla  Conj           #.......     100%        4    ###....
 Olgreb's Toxic Radiance  Pois           #.......     100%        4    ###....
 Summon Ice Beast         Ice/Summ       #.......     100%        4    ###....
 Summon Lightning Spire   Summ/Air       #.......     100%        4    ###....
 Alistair's Intoxication  Tmut/Pois      ###.....     100%        5    #####..
 Aura of Abjuration       Summ           #.........   100%        5    #####..
 Bolt of Draining         Conj/Necr      ###.......   100%        5    #####..
 Bolt of Magma            Conj/Fire/Erth ##........   100%        5    #####..
 Fireball                 Conj/Fire      #.........   100%        5    #####..
 Irradiate                Conj/Tmut      ###.......   100%        5    #####..
 Lightning Bolt           Conj/Air       #.........   100%        5    #####..
 Metabolic Englaciation   Hex/Ice        #.........   100%        5    #####..
 Silence                  Hex/Air        #.........   100%        5    #####..
 Venom Bolt               Conj/Pois      #.........   100%        5    #####..
 Yara's Violent Unravell  Hex/Tmut       ###.......   100%        5    #####..
 Bolt of Cold             Conj/Ice       #.........   100%        6    ######.
 Bolt of Fire             Conj/Fire      #.........   100%        6    ######.
 Conjure Ball Lightning   Conj/Air       #.........   100%        6    ######.
 Darkness                 Hex            #.........   100%        6    ######.
 Death Channel            Necr           ####......   100%        6    ######.
 Deflect Missiles         Chrm/Air       ###.......   100%        6    ######.
 Dispersal                Tloc           #.........   100%        6    ######.
 Freezing Cloud           Conj/Ice/Air   #.........   100%        6    ######.
 Hydra Form               Tmut           ####......   100%        6    ######.
 Invisibility             Hex            #.......     100%        6    ######.
 Iron Shot                Conj/Erth      ###.......   100%        6    ######.
 Ozocubu's Refrigeration  Ice            #.........   100%        6    ######.
 Shadow Creatures         Summ           N/A          100%        6    ######.
 Simulacrum               Ice/Necr       ###.......   100%        6    ######.
 Statue Form              Tmut/Erth      ####.....    100%        6    ######.
 Dragon Form              Tmut           ####......   100%        7    #######
 Haunt                    Necr/Summ      ###.......   100%        7    #######
 Orb of Destruction       Conj           #.........   100%        7    #######
 Ring of Flames           Chrm/Fire      ###.......   100%        7    #######
 Spellforged Servitor     Conj/Summ      #.........   100%        7    #######
 Summon Hydra             Summ           #.........   100%        7    #######
 Borgnjor's Revivificati  Necr           ####......   100%        8    #######
 Death's Door             Chrm/Necr      ####......   100%        8    #######
 Discord                  Hex            #.........   100%        8    #######
 Infestation              Necr           ####......   100%        8    #######
 Necromutation            Tmut/Necr      ####......   100%        8    #######
 Dragon's Call            Summ           #.........   100%        9    #######
 Shatter                  Erth           ####......   100%        9    #######
 Tornado                  Air            #.........   100%        9    #######
 Blink                    Tloc           Unusable     N/A         2    N/A

Dungeon Overview and Level Annotations

Branches:
Dungeon (15/15)            Temple (1/1) D:7            Lair (6/6) D:8
 Shoals (4/4) Lair:3        Snake (4/4) Lair:3        Slime (0/5) Lair:6
    Orc (2/2) D:11            Elf (3/3) Orc:2        Vaults (5/5) D:14
  Crypt (3/3) Vaults:3       Tomb (0/3) Crypt:3      Depths (5/5) D:15
    Zot (5/5) Depths:5      IceCv (visited)          WizLab (visited)

Altars:
Ashenzari
Cheibriados
Dithmenos
Elyvilon
Fedhas
Gozag
Hepliaklqana
Kikubaaqudgha
Makhleb
Nemelex Xobeh
Okawaru
Qazlal
Ru
Sif Muna
Trog
Uskayaw
Vehumet
Wu Jian
Xom
Yredelemnul
Zin
The Shining One
Beogh
Lugonu

Shops:
D:8 *   Orc:2 *[=(   Elf:1 !   Elf:3 %   Shoals:1 *   Shoals:3 %   Snake:3 }==
Vaults:5 }   Depths:5 !

Portals:
Hell: Depths:1 Depths:2 Depths:3 Depths:4 Depths:5
Abyss: Depths:4 Depths:5
Pandemonium: Depths:3
Ziggurat: Depths:2
Trove: Depths:2 (give +8 demon trident)

Annotations:
D:4 exclusion: downstairs
D:7 exclusion: downstairs
Snake:1 1 runed translucent door, grouchysmurf's ghost, journeyman BaBe
Snake:2 exclusion: 2 downstairs


Innate Abilities, Weirdness & Mutations

You cannot be hasted, slowed, berserked, paralysed or teleported.
You can dig through walls and to a lower floor.
Your four strong arms can wield two-handed weapons with a shield.
You have a pair of large antennae on your head. (SInv)
You are partially covered in molten scales. (AC +2)
Scrolls take you a little longer to read.
Your body sometimes deteriorates upon taking damage.
Your system is resistant to poisons. (rPois)
You are robust. (+10% HP)


Message History

There is a stone staircase leading down here.
A tormentor comes into view.
You slice the tormentor!!
The tormentor is severely wounded.
You block the tormentor's attack. x2
The tormentor calls on the powers of darkness!
Your body is wracked with pain!
You slash the tormentor!
The tormentor is almost dead.
The tormentor gestures at you. You resist with almost no effort.
You slice the tormentor like a ripe choko!!!
You kill the tormentor!
Okawaru accepts your kill.
No target in view!
No target in view!
You open the door.
There is an open door here.
There is a staircase leading out of the dungeon here.
You have escaped!

###.#......##..# #.#
######........##..## #.#
#..................#####.#
#.###########............# #.#
#.##...####### #.# #'##..####
#.# #.##.....# #.#
###.###.##.######### #.####
#..@..#.##..........
#....########.################
####..+.............+.#
#..####.#####.####.#
#.#####.#####.####.#
#.#..+.........'...#
#.#.######.######..#
#...#...........##.#
##########.#######.#


There were no monsters in sight!

Vanquished Creatures
  A seraph (D:7)
  8 orbs of fire
  Mara (Vaults:5)
  5 ancient liches
  5 juggernauts
  Boris (4 times) (Vaults:2 Crypt:1 Depths:4 Depths:5)
  6 Killer Klowns
  Vashnia (Snake:2)
  Frederick (Depths:3)
  Bai Suzhen (Depths:1)
  Margery (Depths:5)
  Saint Roka (Vaults:1)
  Xtahua (Depths:3)
  3 curse toes
  A caustic shrike (shapeshifter) (Depths:1)
  11 golden dragons
  Nikola (Snake:3)
  A profane servitor (Zot:3)
  2 bone dragons (Crypt:3)
  A Tzitzimitl (WizLab)
  4 electric golems
  Jorgrun (Snake:2)
  An Ice Fiend (IceCv)
  Rupert (D:15)
  17 tentacled monstrosities
  26 Orb Guardians (Zot:5)
  9 quicksilver dragons
  Asterion (Elf:1)
  6 liches
  11 titans
  A deep elf master archer (Elf:3)
  Gastronok (Lair:1)
  3 deep elf blademasters
  6 ancient champions
  A kraken (Shoals:2)
  10 death cobs
  A shadow dragon (shapeshifter) (Depths:4)
  17 storm dragons
  A storm dragon (shapeshifter) (Depths:4)
  3 sphinxes
  2 tentacled starspawn (Abyss:2)
  2 daevas
  Donald (Shoals:1)
  10 shadow dragons
  A revenant (Crypt:3)
  10 nagarajas
  11 tengu reavers
  4 draconian monks
  Ilsuiw (Shoals:2)
  7 fire giants
  A frost giant (Vaults:5)
  12 deep elf sorcerers
  A balrug (WizLab)
  6 ghost moths
  A cacodemon (WizLab)
  2 orc warlords
  8 vault wardens
  7 draconian knights
  Louise (Snake:1)
  Aizul (Shoals:1)
  3 draconian scorchers (Zot:3)
  8 deep elf elementalists
  2 iron dragons
  An angel (Depths:2)
  A curse skull (Crypt:1)
  5 draconian shifters
  A spriggan defender (Depths:3)
  13 ironheart preservers
  3 draconian stormcallers
  5 war gargoyles
  The ghost of MisterFreud the Peltast, a journeyman GrFi of the Shining One (Orc:1)
  15 very ugly things
  A juggernaut skeleton (Crypt:2)
  15 draconian annihilators
  5 vampire knights
  4 reapers
  14 stone giants
  19 green draconians
  2 entropy weavers
  Azrael (Elf:1)
  10 deep elf demonologists
  A dire elephant (Lair:6)
  A starcursed mass (Abyss:2)
  10 deep elf annihilators
  A lorocyproca (WizLab)
  8 black draconians
  8 purple draconians
  16 red draconians
  2 pale draconians (Depths:5)
  7 yellow draconians
  A minotaur (shapeshifter) (Depths:4)
  4 white draconians
  A blizzard demon (Depths:4)
  5 merfolk javelineers
  8 merfolk impalers
  6 spark wasps
  2 green deaths
  2 eidola
  9 fire dragons
  Snorg (D:11)
  12 deep elf death magi
  12 crystal guardians (Depths:4)
  3 jiangshi (Crypt:2)
  Josephine (Orc:1)
  7 great orbs of eyes
  6 deep elf high priests
  14 ettins
  9 yaktaur captains
  Fannar (D:12)
  3 hell beasts
  16 naga warriors
  A rakshasa (Depths:3)
  Harold (D:10)
  9 hydras
  29 vault guards
  15 ice dragons
  A monstrous demonspawn (Depths:3)
  7 merfolk aquamancers
  5 merfolk avatars
  A satyr (shapeshifter) (Depths:4)
  Erica (D:11)
  5 spriggan air magi
  4 satyrs (Shoals:4)
  14 centaur warriors
  7 anacondas
  A death knight (Vaults:3)
  A hell hog (Abyss:2)
  3 death yaks
  41 dancing weapons
  A tengu warrior (D:15)
  A titan zombie (Crypt:2)
  7 vampire magi
  20 ogre magi
  57 two-headed ogres
  7 deep troll shamans
  2 thrashing horrors (Abyss:2)
  6 deep troll earth magi
  16 naga sharpshooters
  2 shock serpents (shapeshifter)
  5 orc high priests
  Sonja (Orc:1)
  15 deep elf knights
  2 spriggan berserkers (Depths:3)
  4 shock serpents
  2 shadow wraiths
  4 soul eaters
  A fire crab (shapeshifter) (Vaults:3)
  A sun demon (WizLab)
  11 skeletal warriors
  3 salamander mystics
  3 hell knights (Depths:5)
  A golden dragon zombie (Crypt:1)
  A sixfirhy (Depths:3)
  A cherub (Depths:2)
  An entropy weaver zombie (Crypt:1)
  A spark wasp zombie (Depths:1)
  7 sea snakes
  19 deep trolls
  8 glowing orange brains
  2 storm dragon skeletons (Crypt:1)
  A swamp dragon (shapeshifter) (Depths:4)
  3 unseen horrors (shapeshifter)
  2 flayed ghosts (Crypt:2)
  5 unseen horrors
  An orange crystal statue (Depths:3)
  3 lindwurms (Lair:6)
  5 naga ritualists
  19 deep elf archers
  6 swamp dragons
  Pikel (D:8)
  4 obsidian statues
  10 wizards
  13 harpies
  13 ironbrand convokers
  11 phantasmal warriors
  9 orc knights
  6 wolf spiders
  11 necromancers
  79 deep elf magi
  4 mana vipers
  A manticore (shapeshifter) (Depths:4)
  6 orc sorcerers
  9 manticores
  23 moths of wrath
  A salamander (shapeshifter) (D:14)
  A human zombie (Vaults:3)
  2 frost giant zombies
  5 salamanders
  30 ugly things
  4 oklob plants
  2 shining eyes (shapeshifter)
  2 fauns (Shoals:1)
  A cyclops (shapeshifter) (Vaults:3)
  12 elephants
  13 cyclopes
  A guardian serpent (shapeshifter) (Depths:4)
  4 guardian serpents
  2 frost giant skeletons
  A fire giant skeleton (Vaults:3)
  2 black mambas (shapeshifter)
  9 vault sentinels
  Psyche (D:8)
  4 centaur zombies
  8 merfolk sirens
  29 black mambas
  4 ice statues
  2 torpor snails
  7 water nymphs
  An orange demon (Depths:3)
  2 smoke demons
  2 gargoyles
  21 naga magi
  A dire elephant skeleton (Crypt:3)
  Joseph (Lair:1)
  6 molten gargoyles (Depths:4)
  A torpor snail (shapeshifter) (Depths:4)
  A spiny frog (shapeshifter) (Vaults:2)
  A rime drake (shapeshifter) (Vaults:3)
  17 spiny frogs
  A catoblepas zombie (Crypt:3)
  2 anaconda simulacra (IceCv)
  14 ice devils
  3 rime drakes
  25 yaktaurs
  A purple draconian skeleton (Crypt:3)
  9 komodo dragons
  2 freezing wraiths
  A red devil (Depths:5)
  2 efreet
  A troll (shapeshifter) (D:15)
  A spriggan skeleton (Depths:2)
  4 tormentors
  A yellow draconian skeleton (Crypt:2)
  A jumping spider (Vaults:4)
  A golden dragon simulacrum (IceCv)
  A merfolk (shapeshifter) (Depths:4)
  7 trolls
  A black draconian skeleton (Crypt:1)
  9 wind drakes
  2 large abominations (Abyss:2)
  10 dream sheep
  3 meliai (D:15)
  14 merfolk
  3 polar bears
  A catoblepas skeleton (Crypt:2)
  7 hornets
  An iron troll skeleton (Crypt:2)
  2 shadow dragon simulacra (Crypt:2)
  19 blink frogs
  4 raiju (Depths:4)
  An elf zombie (Depths:1)
  54 slime creatures
  Grinder (D:6)
  3 human simulacra
  13 hippogriffs
  13 snapping turtles
  A frost giant simulacrum (Depths:2)
  A spriggan zombie (Depths:1)
  29 water elementals
  A redback (shapeshifter) (Vaults:5)
  9 air elementals
  4 shadows
  A dire elephant simulacrum (IceCv)
  6 flying skulls
  3 ettin skeletons
  A spriggan (shapeshifter) (D:14)
  4 wyverns
  10 wraiths
  65 yaks
  2 yaks (shapeshifter)
  5 spriggans
  3 ynoxinuls
  2 basilisks (shapeshifter)
  7 hungry ghosts
  A vampire (D:14)
  2 black mamba skeletons
  A neqoxec (WizLab)
  A human (shapeshifter) (Elf:3)
  31 fire elementals
  4 vampire mosquitoes (D:14)
  4 chaos spawn
  4 steam dragons
  A hog (shapeshifter) (Depths:5)
  Grum (D:8)
  3 basilisks
  4 wargs
  A deep troll zombie (Crypt:3)
  2 insubstantial wisps (D:10)
  3 acid dragons
  3 harpy simulacra (IceCv)
  A soldier ant (D:15)
  38 nagas
  3 hydra simulacra (IceCv)
  2 hell hounds (Elf:1)
  2 deep troll skeletons (Crypt:2)
  10 porcupines
  14 water moccasins
  An ettin simulacrum (Vaults:1)
  A spiny frog skeleton (Crypt:2)
  47 orc warriors
  A slave (D:7)
  6 sky beasts
  A necrophage (D:7)
  2 ice beasts
  3 black bears
  3 hornet zombies
  39 ogres
  6 eyes of draining
  A boggart (shapeshifter) (Vaults:5)
  23 boggarts
  2 phantoms
  16 wolves
  25 centaurs
  9 crocodiles
  A komodo dragon zombie (Crypt:1)
  2 big kobolds
  26 bullfrogs
  2 wyvern zombies (D:13)
  A hippogriff skeleton (Crypt:2)
  A deep troll simulacrum (Crypt:2)
  10 earth elementals
  7 scorpions
  A wyvern skeleton (D:15)
  4 killer bees (D:9)
  8 wights
  A raiju skeleton (Crypt:1)
  A howler monkey (D:5)
  2 electric eels (D:6)
  6 crimson imps
  2 quasits
  32 orc wizards
  2 bullfrog skeletons
  4 hounds
  3 jellies
  2 centaur skeletons
  A basilisk skeleton (Crypt:2)
  25 orc priests
  6 iguanas
  A porcupine skeleton (Crypt:2)
  12 worker ants
  7 small abominations
  2 hound zombies (D:8)
  A mummy (D:8)
  Robin (D:3)
  A worker ant zombie (D:8)
  4 gnolls
  20 adders
  2 howler monkey skeletons
  A river rat (shapeshifter) (Vaults:5)
  A swamp drake skeleton (Crypt:3)
  A shadow imp (D:9)
  A worker ant simulacrum (D:10)
  An ooze (D:4)
  A worm (D:2)
  3 ball lightnings (Depths:4)
  A dart slug (D:1)
  10 leopard geckos
  114 orcs
  7 giant cockroaches
  16 goblins
  9 hobgoblins
  7 jackals
  5 quokkas
  A ball python skeleton (Crypt:3)
  10 bats
  5 frilled lizards
  A gnoll skeleton (Crypt:3)
  2 hobgoblin zombies
  19 kobolds
  An orc zombie (Crypt:2)
  9 rats
  3 crawling corpses (Elf:3)
  6 fungi
  3 plants
  8 tentacles (Shoals:2)
2537 creatures vanquished.

Vanquished Creatures (collateral kills)
  A black mamba (Snake:4)
1 creature vanquished.

Vanquished Creatures (others)
  A deep elf master archer (Elf:3)
  A war gargoyle (Vaults:5)
  3 stone giants
  A yaktaur captain (Vaults:3)
  A naga warrior (Snake:3)
  2 vault guards (Vaults:5)
  4 centaur warriors
  A merfolk aquamancer (Shoals:4)
  2 naga sharpshooters (Snake:4)
  4 deep elf archers
  A deep elf mage (Elf:1)
  A manticore (Shoals:4)
  A cyclops (D:14)
  2 vault sentinels
  An orange demon (D:15)
  3 yaktaurs
  A wind drake (Depths:4)
  2 merfolk
  2 air elementals (Depths:4)
  A fire elemental (Elf:3)
  A slave (D:8)
  A hound (D:8)
  A worker ant (D:8)
  5 ball lightnings (Depths:4)
  12 fungi
  14 plants
  8 starspawn tentacles (Abyss:2)
  6 tentacles (Shoals:2)
83 creatures vanquished.

Grand Total: 2621 creatures vanquished

Notes
Turn   | Place    | Note
-------+----------+-------------------------------------------
     0 | D:1      | Shinamin the Formicid Hunter began the quest for the Orb.
     0 | D:1      | Reached XP level 1. HP: 16/16 MP: 1/1
   149 | D:1      | Reached XP level 2. HP: 9/22 MP: 2/2
   715 | D:1      | Reached XP level 3. HP: 23/28 MP: 3/3
  1258 | D:2      | Reached skill level 1 in Armour
  1326 | D:2      | Reached skill level 1 in Short Blades
  1371 | D:2      | Reached XP level 4. HP: 28/34 MP: 4/4
  1629 | D:2      | Reached skill level 5 in Throwing
  1917 | D:2      | Reached XP level 5. HP: 29/39 MP: 5/5
  2622 | D:3      | Noticed Robin
  2651 | D:3      | Killed Robin
  2819 | D:3      | Reached skill level 1 in Shields
  3232 | D:3      | Reached XP level 6. HP: 44/46 MP: 6/6
  3445 | D:4      | Found a sparkling altar of Nemelex Xobeh.
  3489 | D:4      | Reached skill level 3 in Fighting
  3998 | D:4      | Reached XP level 7. HP: 51/52 MP: 7/7
  4477 | D:5      | Entered Level 5 of the Dungeon
  4886 | D:5      | Found a shattered altar of Ashenzari.
  5204 | D:5      | Reached XP level 8. HP: 58/58 MP: 8/8
  5272 | D:5      | Got a brightly glowing hunting sling
  5273 | D:5      | Identified the +7 hunting sling of the Whale {flame, rC++
                  | Int+2} (You found it on level 5 of the Dungeon)
  5658 | D:5      | Found a white marble altar of Elyvilon.
  5810 | D:5      | Found a basalt altar of Yredelemnul.
  6120 | D:6      | Reached skill level 1 in Slings
  6139 | D:6      | Reached skill level 4 in Fighting
  6363 | D:6      | Noticed Grinder
  6368 | D:6      | Reached skill level 5 in Armour
  6368 | D:6      | Reached XP level 9. HP: 66/66 MP: 9/9
  6445 | D:6      | Killed Grinder
  6486 | D:6      | Found a transporter.
  6523 | D:6      | Found a transporter.
  6811 | D:7      | Reached skill level 5 in Fighting
  6821 | D:7      | Found an ancient bone altar of Kikubaaqudgha.
  6837 | D:7      | Got a scorched whip
  6897 | D:7      | Reached skill level 5 in Short Blades
  6907 | D:7      | Noticed a hippogriff
  6929 | D:7      | Killed a hippogriff
  7560 | D:7      | Reached XP level 10. HP: 72/76 MP: 10/10
  7628 | D:7      | Reached skill level 6 in Fighting
  7652 | D:7      | Found a staircase to the Ecumenical Temple.
  7667 | Temple   | Entered the Ecumenical Temple
  7699 | Temple   | Became a worshipper of Warmaster Okawaru
  8082 | D:8      | Found a staircase to the Lair.
  8082 | D:8      | Noticed Pikel
  8084 | D:8      | Noticed Psyche
  8194 | D:8      | Identified the +1 whip "Edduf" {slash, *Contam Int+4 Dex+2}
                  | (You found it on level 7 of the Dungeon)
  8197 | D:8      | Noticed a two-headed ogre
  8249 | D:8      | Killed a two-headed ogre
  8299 | D:8      | Killed Psyche
  8299 | D:8      | Reached skill level 7 in Fighting
  8682 | D:8      | Killed Pikel
  8682 | D:8      | Reached * piety under Okawaru
  8787 | D:8      | Found Nigau's Assorted Antiques.
  8926 | D:8      | Noticed a two-headed ogre
  8972 | D:8      | Killed a two-headed ogre
  8972 | D:8      | Reached ** piety under Okawaru
  8972 | D:8      | Reached XP level 11. HP: 68/84 MP: 11/11
  9052 | D:8      | Noticed Grum
  9061 | D:8      | Killed Grum
  9061 | D:8      | Reached skill level 5 in Shields
  9134 | D:8      | Found a snail-covered altar of Cheibriados.
  9230 | D:8      | Got an iridescent arbalest
  9522 | D:8      | Found a hide-covered altar of Uskayaw.
  9522 | D:8      | Found a radiant altar of Vehumet.
  9527 | D:8      | Found a stormy altar of Qazlal.
  9630 | D:9      | Found a glowing golden altar of the Shining One.
  9632 | D:9      | Found a bloodstained altar of Trog.
  9632 | D:9      | Found a burning altar of Makhleb.
  9632 | D:9      | Found a glowing silver altar of Zin.
  9632 | D:9      | Found a blossoming altar of Fedhas.
  9639 | D:9      | Found an opulent altar of Gozag.
  9677 | D:9      | Found a shimmering altar of Xom.
  9678 | D:9      | Found a shimmering altar of Xom.
  9678 | D:9      | Found a shimmering altar of Xom.
  9679 | D:9      | Found a shimmering altar of Xom.
  9679 | D:9      | Found a shimmering altar of Xom.
  9680 | D:9      | Found a shimmering altar of Xom.
  9680 | D:9      | Found a shimmering altar of Xom.
  9681 | D:9      | Found a shimmering altar of Xom.
  9731 | D:9      | Noticed a two-headed ogre
  9764 | D:9      | Killed a two-headed ogre
  9764 | D:9      | Reached *** piety under Okawaru
  9764 | D:9      | Reached skill level 10 in Throwing
  9764 | D:9      | Reached skill level 1 in Invocations
  9908 | D:9      | Identified the +10 arbalest "Elixkeo" {venom, Str+3} (You
                  | found it on level 8 of the Dungeon)
 10076 | D:9      | Noticed a fire crab
 10109 | D:9      | Received a gift from Okawaru
 10421 | D:10     | Entered Level 10 of the Dungeon
 10777 | D:10     | Reached skill level 8 in Fighting
 10815 | D:10     | Reached **** piety under Okawaru
 11342 | D:10     | Noticed a deep elf mage
 11342 | D:10     | Noticed a two-headed ogre
 11351 | D:10     | Found a runed translucent door.
 11423 | D:10     | Noticed Harold
 11440 | D:10     | Killed Harold
 11440 | D:10     | Received a gift from Okawaru
 11576 | D:10     | Noticed a skeletal warrior
 11577 | D:10     | Noticed a centaur warrior
 11577 | D:10     | Identified the +7 hand crossbow of Disorder {venom, Str+4}
 11582 | D:10     | Noticed a skeletal warrior
 11583 | D:10     | Killed a skeletal warrior
 11583 | D:10     | Reached XP level 12. HP: 94/94 MP: 11/14
 11595 | D:10     | Killed a centaur warrior
 11596 | D:10     | Killed a skeletal warrior
 11596 | D:10     | Received a gift from Okawaru
 11644 | D:10     | Identified the cursed +3 shortbow "Dosiwyol" {venom, rPois
                  | rF++ rN+}
 11878 | D:10     | Identified the Compendium of the Fetching Glacier
 11885 | D:10     | Got a pair of bloodstained boots
 11891 | D:10     | Identified the +0 pair of boots "Noorghuot" {Dex+2 Slay+3
                  | Stlth+} (You found it on level 10 of the Dungeon)
 11980 | D:10     | Killed a two-headed ogre
 11980 | D:10     | Reached skill level 10 in Armour
 12012 | D:10     | HP: 2/94 [deep elf mage/bolt of magma (23)]
 12015 | D:10     | Reached skill level 9 in Fighting
 12463 | D:10     | Received a gift from Okawaru
 12883 | D:11     | Found a staircase to the Orcish Mines.
 12906 | D:11     | Received a gift from Okawaru
 13196 | D:11     | Reached skill level 1 in Axes
 13269 | D:11     | Noticed a two-headed ogre
 13276 | D:11     | Killed a two-headed ogre
 13288 | D:11     | Reached ***** piety under Okawaru
 13828 | D:11     | Identified the +0 troll leather armour "Zaefyvia" {Regen+
                  | rCorr Str+2}
 13832 | D:11     | Noticed Snorg
 13842 | D:11     | Killed Snorg
 13842 | D:11     | Received a gift from Okawaru
 13842 | D:11     | Reached skill level 5 in Axes
 13859 | D:11     | Noticed a four-headed hydra
 13864 | D:11     | Killed a four-headed hydra
 13864 | D:11     | Reached XP level 13. HP: 101/101 MP: 16/16
 13877 | D:11     | Noticed a five-headed hydra
 13887 | D:11     | Killed a five-headed hydra
 14006 | D:11     | Noticed Erica
 14008 | D:11     | Received a gift from Okawaru
 14022 | D:11     | Killed Erica
 14504 | Orc:1    | Entered Level 1 of the Orcish Mines
 14800 | Orc:2    | Entered Level 2 of the Orcish Mines
 14893 | Orc:2    | Found a roughly hewn altar of Beogh.
 14971 | Orc:2    | Found a staircase to the Elven Halls.
 15002 | Orc:2    | Noticed a centaur warrior
 15003 | Orc:2    | Found a runed translucent gate.
 15080 | Orc:2    | Noticed MisterFreud's ghost (journeyman GrFi)
 15085 | Orc:2    | Found a runed translucent gate.
 15087 | Orc:2    | Found a runed translucent gate.
 15088 | Orc:2    | Found an iron altar of Okawaru.
 15120 | Orc:2    | Noticed an orc warlord
 15180 | Orc:2    | Killed an orc warlord
 15180 | Orc:2    | Reached skill level 10 in Axes
 15300 | Orc:2    | Received a gift from Okawaru
 15307 | Orc:2    | Got a heavily runed plate armour {god gift}
 15328 | Orc:2    | Identified the +1 plate armour of Getsuac {rElec} (Okawaru
                  | gifted it to you on level 2 of the Orcish Mines)
 15877 | Orc:2    | Reached XP level 14. HP: 92/109 MP: 17/17
 16066 | Orc:2    | Found Isonepie's General Store.
 16109 | Orc:2    | Found Targhua's Jewellery Shoppe.
 16110 | Orc:2    | Found Wudur's Antique Armour Shoppe.
 16110 | Orc:2    | Found Tidygo's Antique Weapon Emporium.
 16124 | Orc:2    | Bought a scroll of identify for 30 gold pieces
 16128 | Orc:2    | Learned a level 2 spell: Song of Slaying
 16128 | Orc:2    | Bought the ring of Ohor {*Contam rElec rPois rCorr Int+4}
                  | for 492 gold pieces
 16343 | Orc:1    | Noticed Josephine
 16460 | Orc:1    | Killed Josephine
 16832 | Orc:1    | Reached skill level 10 in Fighting
 16832 | Orc:1    | Reached skill level 5 in Invocations
 16887 | Orc:1    | Noticed Sonja
 16892 | Orc:1    | Killed Sonja
 17048 | Lair:1   | Entered Level 1 of the Lair of Beasts
 17051 | Lair:1   | Noticed Joseph
 17059 | Lair:1   | Killed Joseph
 17198 | Lair:1   | Received a gift from Okawaru
 17447 | Lair:1   | Reached ****** piety under Okawaru
 17521 | Lair:1   | Received a gift from Okawaru
 17532 | Lair:1   | Noticed Gastronok
 17547 | Lair:1   | Killed Gastronok
 17922 | Lair:1   | Received a gift from Okawaru
 19147 | Lair:3   | Found a staircase to the Snake Pit.
 19505 | Lair:3   | Found a staircase to the Shoals.
 19808 | Lair:3   | Reached XP level 15. HP: 117/117 MP: 19/19
 20295 | Lair:4   | Reached skill level 11 in Fighting
 20320 | Lair:4   | Received a gift from Okawaru
 20493 | Lair:4   | Received a gift from Okawaru
 20843 | Lair:4   | Found a blossoming altar of Fedhas.
 21112 | Lair:5   | Received a gift from Okawaru
 21269 | Lair:5   | Found a blossoming altar of Fedhas.
 22323 | Lair:6   | Entered Level 6 of the Lair of Beasts
 23012 | Lair:6   | Received a gift from Okawaru
 23546 | Lair:6   | Received a gift from Okawaru
 23570 | Lair:6   | Got a faintly humming chain mail {god gift}
 23581 | Lair:6   | Identified the +4 chain mail of the Unseen Realm {rF- rC+
                  | Dex+8} (Okawaru gifted it to you on level 6 of the Lair of
                  | Beasts)
 23847 | Lair:6   | Reached XP level 16. HP: 124/126 MP: 21/21
 24028 | Lair:6   | Got a pair of steaming gloves
 24039 | Lair:6   | Identified the +3 pair of gloves of the Orange Skies {rF+
                  | Int+2} (You found it on level 6 of the Lair of Beasts)
 24151 | Lair:6   | Found a staircase to the Slime Pits.
 24157 | Lair:6   | Reached skill level 10 in Shields
 24347 | Snake:1  | Entered Level 1 of the Snake Pit
 24441 | Snake:1  | Noticed Louise
 24452 | Snake:1  | Cast into level 2 of the Abyss (Louise)
 24516 | Abyss:2  | Noticed a tentacled starspawn
 24527 | Abyss:2  | Killed a tentacled starspawn
 24633 | Abyss:2  | Noticed a tentacled starspawn
 24646 | Abyss:2  | Killed a tentacled starspawn
 24730 | Abyss:2  | Received a gift from Okawaru
 24759 | Snake:1  | Escaped the Abyss
 24780 | Snake:1  | Killed Louise
 25016 | Snake:1  | Found a runed translucent door.
 25016 | Snake:1  | Found a shimmering altar of Xom.
 25016 | Snake:1  | Noticed grouchysmurf's ghost (journeyman BaBe)
 25464 | Snake:2  | Reached skill level 12 in Fighting
 25471 | Snake:2  | Reached skill level 15 in Throwing
 25641 | Snake:2  | Got a faintly glowing chain mail
 25652 | Snake:2  | Identified the +1 chain mail of Spite {rCorr} (You found it
                  | on level 2 of the Snake Pit)
 25725 | Snake:2  | HP: 1/127 [black mamba (10)]
 25735 | Snake:2  | HP: 4/127 [naga warrior/+0 dire flail (6)]
 26134 | Snake:1  | Gained mutation: Scrolls take you a little longer to read.
                  | [potion of mutation]
 26134 | Snake:1  | Gained mutation: You are partially covered in yellow
                  | scales. (AC +2) [potion of mutation]
 26167 | Snake:2  | Noticed Jorgrun
 26184 | Snake:2  | Killed Jorgrun
 26184 | Snake:2  | Received a gift from Okawaru
 26220 | Snake:2  | Received a gift from Okawaru
 26873 | Snake:2  | Received a gift from Okawaru
 27024 | Snake:2  | Received a gift from Okawaru
 27027 | Snake:2  | Got a warped fustibalus {god gift}
 27028 | Snake:2  | Identified the +11 fustibalus of an ossuary {freeze, rElec
                  | rPois Int+2} (Okawaru gifted it to you on level 2 of the
                  | Snake Pit)
 27334 | Snake:2  | Reached XP level 17. HP: 133/133 MP: 22/22
 27531 | Snake:2  | Noticed Vashnia
 27577 | Snake:2  | Killed Vashnia
 27837 | Snake:2  | Received a gift from Okawaru
 28458 | Snake:3  | Found a frozen archway.
 28519 | IceCv    | Entered an ice cave
 28792 | IceCv    | Reached skill level 15 in Axes
 28939 | IceCv    | Noticed an Ice Fiend
 28940 | IceCv    | Found the +11 plutonium sword {*Contam Stlth-}
 28947 | IceCv    | Killed an Ice Fiend
 29408 | Snake:3  | Noticed Nikola
 29415 | Snake:3  | Killed Nikola
 29415 | Snake:3  | Received a gift from Okawaru
 29711 | Snake:3  | Identified the amulet of Zeebocli {Spirit *Corrode Str+2
                  | Int+9}
 29744 | Snake:3  | Found Qiotz's Jewellery Shop.
 29745 | Snake:3  | Found Potamne's Gadget Shoppe.
 29746 | Snake:3  | Found Qomop's Jewellery Shop.
 29756 | Snake:3  | Bought the ring of Mizur {EV+4 Str+4 Slay+5} for 868 gold
                  | pieces
 29756 | Snake:3  | Bought the ring "Xoacvuha" {*Drain rN+ Str+3 Int+4 Slay+5}
                  | for 718 gold pieces
 29838 | Snake:3  | Bought a +2 amulet of reflection for 90 gold pieces
 30858 | Snake:4  | Entered Level 4 of the Snake Pit
 30900 | Snake:4  | Reached skill level 13 in Fighting
 30906 | Snake:4  | Reached XP level 18. HP: 99/143 MP: 23/23
 31156 | Snake:4  | Received a gift from Okawaru
 31229 | Snake:4  | Received a gift from Okawaru
 31380 | Snake:4  | Got a serpentine rune of Zot
 31549 | Snake:4  | Reached skill level 14 in Fighting
 32067 | Shoals:1 | Entered Level 1 of the Shoals
 32474 | Shoals:1 | Noticed Donald
 32480 | Shoals:1 | Killed Donald
 32767 | Shoals:1 | Found Udaizenu's Island Escapes.
 32887 | Shoals:2 | Noticed Aizul
 32899 | Shoals:1 | Killed Aizul
 33131 | Shoals:2 | Noticed Ilsuiw
 33141 | Shoals:2 | Killed Ilsuiw
 33141 | Shoals:2 | Received a gift from Okawaru
 33141 | Shoals:2 | Reached XP level 19. HP: 135/153 MP: 24/24
 33259 | Shoals:2 | Received a gift from Okawaru
 33335 | Shoals:2 | Reached skill level 1 in Spellcasting
 33335 | Shoals:2 | Reached skill level 1 in Charms
 33967 | Shoals:3 | Found Yllenisi's Food Shoppe.
 34654 | Shoals:4 | Entered Level 4 of the Shoals
 34979 | Shoals:4 | Identified the cursed +1 spear of Giabuups {venom, rPois
                  | Dex+3 SInv} (You found it on level 4 of the Shoals)
 34991 | Shoals:4 | Found the cursed +13 scythe of Curses {drain, *Curse}
 35284 | Shoals:4 | Reached skill level 15 in Fighting
 35359 | Shoals:4 | Received a gift from Okawaru
 35466 | Shoals:4 | Got a barnacled rune of Zot
 36594 | D:12     | Noticed Fannar
 36603 | D:12     | Killed Fannar
 36621 | D:12     | Received a gift from Okawaru
 36982 | D:12     | Found a burning altar of Makhleb.
 37395 | D:13     | Reached XP level 20. HP: 160/163 MP: 26/26
 37818 | D:14     | Identified the +5 cloak of the Old World {-Tele rN+ Regen+
                  | rCorr} (You found it on level 14 of the Dungeon)
 38264 | D:14     | Found a gate to the Vaults.
 38906 | D:15     | Entered Level 15 of the Dungeon
 38946 | D:15     | Identified the cursed +0 large shield of Card Tricks {rPois
                  | MP-9 Dex+7 SInv} (You found it on level 15 of the Dungeon)
 39008 | D:15     | Reached skill level 5 in Spellcasting
 39020 | D:15     | Reached skill level 5 in Charms
 39088 | D:15     | Reached skill level 16 in Fighting
 39220 | D:15     | Noticed Rupert
 39226 | D:15     | Killed Rupert
 39327 | D:15     | Received a gift from Okawaru
 39346 | D:15     | Identified the +3 pair of gloves "Pedwid" {MR++ Str-5 Int+2
                  | Stlth+} (Okawaru gifted it to you on level 15 of the
                  | Dungeon)
 39700 | D:15     | Found a staircase to the Depths.
 39855 | Vaults:1 | Entered Level 1 of the Vaults
 39893 | Vaults:1 | Noticed Saint Roka
 39909 | Vaults:1 | Killed Saint Roka
 39939 | Vaults:1 | You fall into a shaft and drop 1 floor!
 40117 | Vaults:1 | Found a magical portal.
 40230 | WizLab   | Noticed a Tzitzimitl
 40236 | WizLab   | Killed a Tzitzimitl
 40236 | WizLab   | Reached XP level 21. HP: 60/172 MP: 28/28
 40244 | WizLab   | Learned a level 3 spell: Regeneration
 40707 | Vaults:1 | Received a gift from Okawaru
 40707 | Vaults:1 | Reached skill level 1 in Necromancy
 40721 | Vaults:1 | Reached skill level 15 in Armour
 41114 | Vaults:1 | Reached skill level 17 in Fighting
 41953 | Elf:1    | Entered Level 1 of the Elven Halls
 41987 | Elf:1    | Noticed Asterion
 41995 | Elf:1    | Killed Asterion
 42544 | Elf:1    | Found Zyts's Distillery.
 42553 | Elf:1    | Bought a potion of heal wounds for 80 gold pieces
 42553 | Elf:1    | Bought a potion of mutation for 128 gold pieces
 42553 | Elf:1    | Lost mutation: You are partially covered in yellow scales.
                  | (AC +2) [potion of mutation]
 42553 | Elf:1    | Lost mutation: Scrolls take you a little longer to read.
                  | [potion of mutation]
 42553 | Elf:1    | Gained mutation: Your system is resistant to poisons.
                  | (rPois) [potion of mutation]
 42553 | Elf:1    | Gained mutation: Scrolls take you a little longer to read.
                  | [potion of mutation]
 42553 | Elf:1    | Gained mutation: You are robust. (+10% HP) [potion of
                  | mutation]
 42742 | Elf:1    | Received a gift from Okawaru
 42844 | Elf:1    | Noticed Azrael
 42850 | Elf:1    | Killed Azrael
 43337 | Elf:2    | Reached skill level 15 in Shields
 43369 | Elf:2    | Found a runed translucent gate.
 43536 | Elf:2    | Found a runed translucent gate.
 43540 | Elf:2    | Found a runed translucent gate.
 43968 | Elf:2    | Reached skill level 18 in Fighting
 43976 | Elf:2    | Reached XP level 22. HP: 201/201 MP: 26/30
 44233 | Elf:3    | Entered Level 3 of the Elven Halls
 44244 | Elf:3    | Received a gift from Okawaru
 44380 | Elf:3    | Found Puedeoso's Food Emporium.
 44721 | Elf:3    | Received a gift from Okawaru
 44865 | Elf:3    | Identified the +2 acid dragon scales "Qitioxum" {Regen+
                  | rCorr Dex+3}
 44865 | Elf:3    | Identified the +1 shield of the Fisher {rCorr Int+6 Dex+4}
 44865 | Elf:3    | Identified the ring "Yqiytt" {Wiz +Inv rN+ MR+}
 44959 | Elf:3    | Identified the ring "Faziwn" {+Fly rF+ MR+ Str+2}
 44983 | Elf:3    | Identified the ring of Hetun {Ice *Corrode *Slow rPois
                  | Dex+7}
 45142 | Elf:3    | Identified the ring "Wimaz" {rPois rC- MR+ Dex+6} (You
                  | found it on level 3 of the Elven Halls)
 45363 | Elf:3    | Reached skill level 19 in Fighting
 45902 | Elf:3    | Identified the +1 pair of boots of the Dropbear {Int+3}
                  | (Okawaru gifted it to you on level 3 of the Elven Halls)
 46427 | Vaults:2 | You fall into a shaft and drop 1 floor!
 46474 | Vaults:3 | Reached XP level 23. HP: 212/212 MP: 33/33
 46571 | Vaults:3 | Identified the +2 pair of boots "Xaupim" {rF+} (You found
                  | it on level 3 of the Vaults)
 46900 | Vaults:2 | Received a gift from Okawaru
 47162 | Vaults:2 | Noticed Boris
 47181 | Vaults:2 | Killed Boris
 47181 | Vaults:2 | Received a gift from Okawaru
 47598 | Vaults:3 | Found a staircase to the Crypt.
 47598 | Vaults:3 | Found a basalt altar of Yredelemnul.
 47599 | Vaults:3 | Found an ancient bone altar of Kikubaaqudgha.
 47823 | Vaults:3 | Reached skill level 5 in Necromancy
 48607 | Vaults:3 | Reached skill level 20 in Fighting
 49089 | Vaults:4 | Received a gift from Okawaru
 49290 | Vaults:4 | Received a gift from Okawaru
 49311 | Vaults:4 | Reached XP level 24. HP: 224/224 MP: 33/33
 49324 | Vaults:4 | Identified the +3 leather armour of Modesty {Str+6}
 49331 | Vaults:4 | Received a gift from Okawaru
 50299 | Crypt:1  | Entered Level 1 of the Crypt
 50310 | Crypt:1  | Noticed Boris
 50324 | Crypt:1  | Killed Boris
 50504 | Crypt:1  | Found a shimmering altar of Xom.
 50560 | Crypt:1  | Found a basalt altar of Yredelemnul.
 50583 | Crypt:1  | Received a gift from Okawaru
 50589 | Crypt:1  | Identified the +0 pair of gloves "Jarum" {Stlth+} (Okawaru
                  | gifted it to you on level 1 of the Crypt)
 51044 | Crypt:1  | Found a basalt altar of Yredelemnul.
 51302 | Crypt:2  | Reached skill level 21 in Fighting
 52082 | Crypt:3  | Entered Level 3 of the Crypt
 52617 | Crypt:3  | Found a staircase to the Tomb.
 53104 | Crypt:3  | Received a gift from Okawaru
 53104 | Crypt:3  | Reached XP level 25. HP: 189/235 MP: 33/33
 53138 | Crypt:3  | Got a shimmering ruby amulet
 53141 | Crypt:3  | Identified the amulet of Moodiness {Gourm rPois rN+ Str+2}
                  | (You found it on level 3 of the Crypt)
 53147 | Crypt:3  | Identified Ritihani's Disquisition on Dusty Envenoming
 53149 | Crypt:3  | Identified the Volume of Stolen Souls
 53550 | Orc:1    | Killed MisterFreud's ghost
 53628 | Orc:2    | Identified the ring "Ydiryrar" {rPois Dex+2 Slay+4 SInv}
                  | (You found it on level 2 of the Orcish Mines)
 54170 | Depths:1 | Entered Level 1 of the Depths
 54170 | Depths:1 | Found the +3 hat of Pondering {ponderous, MR+ MP+10 Int+5}
 54199 | Depths:1 | Reached skill level 10 in Invocations
 55852 | Depths:1 | Noticed Bai Suzhen
 55863 | Depths:1 | Killed Bai Suzhen
 55923 | Depths:1 | Noticed a caustic shrike
 55923 | Depths:1 | an iron giant changed into a caustic shrike
 55931 | Depths:1 | Killed a caustic shrike
 55931 | Depths:1 | Received a gift from Okawaru
 55932 | Depths:1 | Found the +8 mithril axe "Arga" {speed, MR+}
 56004 | Depths:1 | Found a gateway to Hell.
 56433 | Depths:1 | You fall into a shaft and drop 1 floor!
 56729 | Depths:2 | Found a portal to a secret trove of treasure.
 56843 | Depths:2 | Found a gateway to a ziggurat.
 57114 | Depths:2 | Found a shimmering blue altar of Sif Muna.
 57151 | Depths:2 | Identified the Reference Book on Conjuration and Companions
 57162 | Depths:2 | Identified the Compendium of Frigorific Enhancements
 57196 | Depths:2 | Identified the Grimoire of Dusty Execration
 57208 | Depths:2 | Identified the Volume of Earth
 57263 | Depths:2 | Identified the Papyrus of Calling
 57265 | Depths:2 | Identified the Almanac of Dislocation and Conjuration
 57743 | Depths:2 | Received a gift from Okawaru
 58009 | Depths:2 | Identified the Incunabulum of Conjuration
 58159 | Depths:3 | Noticed Xtahua
 58170 | Depths:3 | Killed Xtahua
 58191 | Depths:3 | Identified the +2 pair of boots "Codea" {MR+ SInv} (You
                  | found it on level 3 of the Depths)
 58403 | Depths:3 | Reached XP level 26. HP: 171/243 MP: 33/33
 58537 | Depths:3 | Noticed Frederick
 58586 | Depths:3 | Killed Frederick
 58755 | Depths:3 | Received a gift from Okawaru
 58797 | Depths:3 | Received a gift from Okawaru
 58882 | Depths:3 | Found a one-way gate leading to the halls of Pandemonium.
 58966 | Depths:3 | Found a gateway to a bazaar.
 59056 | Bazaar   | Entered a bazaar
 59056 | Bazaar   | Found Ruroo's Antique Armour Shop.
 59056 | Bazaar   | Found Jusomoxont's General Store.
 59063 | Bazaar   | Bought a scroll of enchant armour for 135 gold pieces
 59065 | Bazaar   | Bought a scroll of magic mapping for 63 gold pieces
 59083 | Bazaar   | Found Jeethose's Antique Weapon Shop.
 59529 | Depths:3 | Noticed a juggernaut
 59543 | Depths:3 | Killed a juggernaut
 59543 | Depths:3 | Received a gift from Okawaru
 59572 | Depths:3 | Noticed a juggernaut
 59586 | Depths:3 | Killed a juggernaut
 59586 | Depths:3 | Received a gift from Okawaru
 59602 | Depths:3 | Identified the +1 pair of boots "Noxt" {rPois Dex+3}
                  | (Okawaru gifted it to you on level 3 of the Depths)
 59626 | Depths:3 | Identified the +0 long sword of Doco {holy, *Rage rN+
                  | Int+4}
 59669 | Depths:3 | Noticed a juggernaut
 59682 | Depths:3 | Killed a juggernaut
 59724 | Depths:3 | Noticed a juggernaut
 59731 | Depths:3 | Killed a juggernaut
 60074 | Depths:4 | Found the +8 storm bow {elec, penet}
 60260 | Depths:4 | Reached XP level 27. HP: 226/250 MP: 33/33
 60271 | Depths:4 | Noticed Boris
 60283 | Depths:4 | Noticed a juggernaut
 60283 | Depths:4 | a caustic shrike changed into a juggernaut
 60286 | Depths:4 | a juggernaut changed into a shadow dragon
 60303 | Depths:4 | Killed Boris
 60305 | Depths:4 | Received a gift from Okawaru
 60306 | Depths:4 | Found the +7 Kryia's mail coat {PotionHeal*2 rC+}
 60673 | Depths:4 | Found a one-way gate to the infinite horrors of the Abyss.
 60810 | Depths:4 | Got a glittering brass amulet
 60836 | Depths:4 | Identified the Compendium of Attacks and Moulding
 60883 | Depths:4 | Found the amulet of the Air {Inacc +Fly rElec EV+5 RMsl}
 60898 | Depths:4 | Got a steaming plate armour
 61210 | Depths:5 | Entered Level 5 of the Depths
 61212 | Depths:5 | Identified the amulet of Esuur {RegenMP rElec Str+6 Dex+2
                  | Stlth+} (You found it on level 4 of the Depths)
 61229 | Depths:5 | Noticed Margery
 61243 | Depths:5 | Killed Margery
 61247 | Depths:5 | Reached skill level 1 in Evocations
 61647 | Depths:5 | Found a corrupted altar of Lugonu.
 61799 | Depths:5 | Noticed a juggernaut
 61810 | Depths:5 | Killed a juggernaut
 61814 | Depths:5 | Noticed Boris
 61826 | Depths:5 | Killed Boris
 61826 | Depths:5 | Received a gift from Okawaru
 61833 | Depths:5 | Got a pair of jewelled boots {god gift}
 61844 | Depths:5 | Identified the +0 pair of boots of Sovereignty {rC+ MR-
                  | Dex+6} (Okawaru gifted it to you on level 5 of the Depths)
 62153 | Depths:5 | Found a gate to the Realm of Zot.
 62223 | Depths:5 | Found Ginawkuo's Distillery.
 62226 | Depths:5 | Bought a potion of invisibility for 136 gold pieces
 62226 | Depths:5 | Bought a potion of heal wounds for 85 gold pieces
 62226 | Depths:5 | Bought a potion of heal wounds for 85 gold pieces
 63270 | Vaults:5 | Entered Level 5 of the Vaults
 63313 | Vaults:5 | Reached skill level 5 in Evocations
 63313 | Vaults:5 | Noticed an ancient lich
 63319 | Vaults:5 | Received a gift from Okawaru
 63335 | Vaults:5 | Killed an ancient lich
 63801 | Vaults:5 | Identified the ring "Koycazy" {rF+ MR++ AC+4 Int-5 Stlth+}
 63848 | Vaults:5 | Received a gift from Okawaru
 63961 | Vaults:5 | Identified the +1 robe "Naifojic" {rPois rC+ Str+6}
 63964 | Vaults:5 | Identified the +5 scimitar of Eternal Vigilance {flame,
                  | SInv}
 64044 | Vaults:5 | Identified the +8 mace "Toudoneg" {crush, -Tele rElec rF++}
 64074 | Vaults:5 | Identified Kenin's Catalogue of Transmutation
 64089 | Vaults:5 | Received a gift from Okawaru
 64105 | Vaults:5 | Reached skill level 22 in Fighting
 64152 | Vaults:5 | Identified the +9 executioner's axe "Evoxzubab" {vamp, MP+9
                  | Str-5 Dex-4 SInv}
 64177 | Vaults:5 | Noticed Mara
 64180 | Vaults:5 | Noticed Shinamin's illusion
 64220 | Vaults:5 | Noticed Shinamin's illusion
 64268 | Vaults:5 | Killed Mara
 64316 | Vaults:5 | Got a silver rune of Zot
 64575 | Vaults:5 | Found the +2 pair of boots of the Assassin {Detection Stab+
                  | Stlth++}
 64595 | Vaults:5 | Reached skill level 5 in Dodging
 64765 | Vaults:5 | Found Xaogidd's Gadget Emporium.
 65086 | Vaults:5 | Identified the +6 plate armour "Suatogics" {+Inv MR+} (You
                  | found it on level 4 of the Depths)
 65464 | Zot:1    | Entered Level 1 of the Realm of Zot
 65530 | Zot:1    | Learned a level 2 spell: Passwall
 65612 | Zot:1    | Reached skill level 1 in Earth Magic
 65667 | Zot:1    | Reached skill level 1 in Transmutations
 65698 | Zot:1    | You fall into a shaft and drop 1 floor!
 65978 | Zot:2    | Noticed a Killer Klown
 65988 | Zot:2    | Killed a Killer Klown
 65988 | Zot:2    | Received a gift from Okawaru
 67281 | Zot:3    | Reached skill level 23 in Fighting
 67689 | Zot:3    | Received a gift from Okawaru
 68142 | Zot:3    | Received a gift from Okawaru
 68289 | Zot:3    | Reached skill level 5 in Earth Magic
 68550 | Zot:3    | Reached skill level 5 in Transmutations
 68959 | Zot:4    | Received a gift from Okawaru
 69523 | Zot:4    | Received a gift from Okawaru
 69589 | Zot:4    | Noticed an orb of fire
 69592 | Zot:4    | Gained mutation: You are partially covered in molten
                  | scales. (AC +2) [an orb of fire]
 69598 | Zot:4    | Gained mutation: Your body sometimes deteriorates upon
                  | taking damage. [an orb of fire]
 69599 | Zot:4    | Killed an orb of fire
 69633 | Zot:5    | Entered Level 5 of the Realm of Zot
 69708 | Zot:5    | Reached skill level 24 in Fighting
 70310 | Zot:5    | Noticed an orb of fire
 70321 | Zot:5    | Killed an orb of fire
 70367 | Zot:5    | Received a gift from Okawaru
 70401 | Zot:5    | Noticed an ancient lich
 70409 | Zot:5    | Noticed an orb of fire
 70411 | Zot:5    | Killed an ancient lich
 70411 | Zot:5    | Received a gift from Okawaru
 70411 | Zot:5    | Reached skill level 25 in Fighting
 70413 | Zot:5    | Killed an orb of fire
 70414 | Zot:5    | Noticed an orb of fire
 70416 | Zot:5    | Noticed an orb of fire
 70418 | Zot:5    | Killed an orb of fire
 70418 | Zot:5    | Killed an orb of fire
 70423 | Zot:5    | Noticed an ancient lich
 70425 | Zot:5    | Noticed an orb of fire
 70429 | Zot:5    | Killed an orb of fire
 70429 | Zot:5    | Received a gift from Okawaru
 70429 | Zot:5    | Noticed an ancient lich
 70430 | Zot:5    | Killed an ancient lich
 70431 | Zot:5    | Killed an ancient lich
 70431 | Zot:5    | Received a gift from Okawaru
 70431 | Zot:5    | Reached skill level 10 in Dodging
 70436 | Zot:5    | Noticed a Killer Klown
 70436 | Zot:5    | Noticed a Killer Klown
 70438 | Zot:5    | Killed a Killer Klown
 70438 | Zot:5    | Killed a Killer Klown
 70472 | Zot:5    | Noticed an ancient lich
 70478 | Zot:5    | Killed an ancient lich
 70478 | Zot:5    | Noticed a Killer Klown
 70482 | Zot:5    | Killed a Killer Klown
 70487 | Zot:5    | Noticed a Killer Klown
 70488 | Zot:5    | Noticed an orb of fire
 70490 | Zot:5    | Killed an orb of fire
 70490 | Zot:5    | Reached skill level 26 in Fighting
 70499 | Zot:5    | Killed a Killer Klown
 70596 | Zot:5    | Noticed an orb of fire
 70600 | Zot:5    | Killed an orb of fire
 70600 | Zot:5    | Reached skill level 10 in Evocations
 70695 | Zot:5    | Noticed a Killer Klown
 70703 | Zot:5    | Received a gift from Okawaru
 70715 | Zot:5    | Killed a Killer Klown
 71119 | Zot:5    | Got the Orb of Zot
 71170 | Zot:5    | Reached skill level 27 in Fighting
 71420 | Depths:3 | Noticed a seraph
 71526 | D:15     | Noticed Qaud the pandemonium lord
 71798 | D:7      | Noticed a seraph
 71816 | D:7      | Killed a seraph
 71844 | D:7      | Received a gift from Okawaru
 71919 | D:6      | Noticed Mum Kes the pandemonium lord
 72058 | D:$      | Escaped with the Orb!

Levels and vault maps discovered:
D:1:      shiori_shiawase, layout_loops_ring, st_stairs_1
D:2:      minmay_diamond_boxcup, layout_loops_ring
D:3:      layout_rooms, first_ration, uniq_robin
D:4:      layout_basic, lemuel_doored_altar
D:5:      layout_loops_ring, kennysheep_ying_yang, old_standard_altar
D:6:      gammafunk_steamed_eel, layout_rooms, uniq_grinder
D:7:      layout_basic, nicolae_overflow_crystal_walls,
          minmay_temple_entry_slanted, minmay_statues_item
D:8:      minmay_tri_box, layout_cave_pools, minitemple, slow_altar_1,
          lair_entry_dummy, serial_shops, shop, uniq_psyche, uniq_pikel,
          uniq_grum
D:9:      layout_loops_ring, xom_shifter_show, grunt_temple_overflow_open
D:10:     minmay_the_grid_triangle_9x9_rhombus_full
          [minmay_the_grid_triangle_9x9_corruption,
          minmay_the_grid_triangle_9x9_pentomino_pain,
          minmay_the_grid_triangle_9x9_zippers_horizontal,
          minmay_the_grid_triangle_9x9_semitri,
          minmay_the_grid_triangle_9x9_subtriangle,
          minmay_the_grid_triangle_9x9_minimal,
          minmay_the_grid_triangle_9x9_corrupted_corridor,
          minmay_the_grid_triangle_9x9_prize_schism], layout_loops_ring,
          the_bakery, hangedman_misty_isle, uniq_harold
D:11:     layout_long_grid, orc_0_dummy, special_room [special_room_orc],
          minmay_radiant, uniq_snorg, uniq_erica
D:12:     layout_cave_pools, hangedman_abyss_or_decor_slice,
          lemuel_centaur_altar, uniq_fannar
D:13:     layout_rooms, wad_scary_box
D:14:     layout_cave_pods, david_vaults_2, serial_co_window_serial,
          co_window_of_opportunity_a, co_window_corner_a, co_window_corner_a,
          co_window_paths_a, co_window_corner_a, co_window_unsneaky_path_e,
          co_window_of_opportunity_b, co_window_unsneaky_path_a,
          co_window_corner_b, co_window_of_opportunity_b,
          co_window_of_opportunity_b, glass_columns_a, glass_columns_a,
          glass_columns_b, glass_columns_b
D:15:     grunt_enter_depths_snipers, layout_irregular_city, uniq_rupert
Temple:   corrupted_temple
Lair:1:   layout_cave_shapes, beast_lair_carwin_1, uniq_joseph, uniq_gastronok
Lair:2:   layout_loops_ring, infiniplex_staircase_pool_2
Lair:3:   layout_cave_pods, minmay_shoals_entry_beasts,
          guppyfry_snake_entry_garden, guppyfry_lair_drakes
Lair:4:   beast_lair_carwin_large_1, layout_long_grid, minivault_26,
          lemuel_oklob_altar
Lair:5:   layout_hall_layers, tgw_fedhas
Lair:6:   hangedman_lair_in_review, layout_regular_city,
          minmay_slime_entry_oklob_enclosed
Shoals:1: layout_shoals, nicolae_island_escapes, uniq_donald
Shoals:2: layout_shoals, nicolae_shoals_kraken_intersection, uniq_ilsuiw,
          uniq_aizul
Shoals:3: layout_shoals, serial_shops, nicolae_shop_statue_plus,
          nicolae_shoals_cliffside_cave
Shoals:4: shoals_end_simple, layout_shoals, nicolae_shoals_water_shrine
Snake:1:  layout_misc_corridors, ebering_ghost_xom,
          nicolae_snake_round_shape_thing, uniq_louise
Snake:2:  layout_grid_maze, uniq_vashnia, uniq_jorgrun
Snake:3:  layout_chambers, portal_ice_cave_entry_ice_statue_one,
          minmay_shop_grove, uniq_nikola
Snake:4:  snake_pit, layout_misc_corridors
Orc:1:    layout_caves, lightli_orcish_oven, uniq_sonja, uniq_josephine
Orc:2:    st_orc_congregation, layout_diamond_mine, basic_altar,
          gammafunk_ghost_fury_of_okawaru
Elf:1:    eino_elf_arrival_shootout, layout_geoelf_diagonals, serial_shops,
          shop_fountains, hangedman_elf_disciples, grunt_megastairs_4,
          uniq_asterion, uniq_azrael
Elf:2:    layout_loops_cross, serial_sigils, serial_sigils_hangedman_carve,
          serial_sigils_hangedman_etch, serial_sigils_hangedman_quiver
Elf:3:    minmay_elf_hall_statues, layout_geoelf_octagon, serial_shops,
          shop_fountains, elves_outpost_lemuel
Vaults:1: vaults_mumra_minichess, vaults_room_fancy_cross,
          nicolae_vaults_little_ls, ontoclasm_vaults_hangar, v_alt_pattern_4,
          v_misc_8, nicolae_vaults_rhombus_6, grunt_vaults_twisty, st_lattice,
          layout_vaults_omnigrid, mu_enter_wizlab_1, uniq_saint_roka
Vaults:2: v_misc_14, nicolae_vaults_angled_halls, nicolae_vaults_an_arrangement,
          nicolae_vaults_what_the_h, vaults_room_octagon, v_misc_15,
          v_pattern_4, grunt_vaults_funnel, v_misc_16, layout_vaults_omnicross,
          uniq_boris
Vaults:3: minmay_crypt_entry_necro_gods, v_alt_pattern_3,
          nicolae_vaults_network_quinsquares
          [nicolae_vaults_network_quincunx_subvault,
          nicolae_vaults_network_quincunx_subvault,
          nicolae_vaults_network_quincunx_subvault,
          nicolae_vaults_network_quincunx_subvault], v_misc_10,
          vaults_dpeg_encased_lava, st_diamondy, vaults_mumra_lcd,
          vaults_dpeg_ring, nicolae_vaults_theta, hangedman_vaults_capsules,
          layout_vaults_chaotic_city
Vaults:4: hangedman_vaults_nails, v_alt_pattern_6, ontoclasm_vaults_bender,
          nicolae_vaults_yaktaur_gun_rack, hangedman_vaults_stretched_pinwheel,
          vaults_standard_mumra_x, hangedman_vaults_impose,
          hangedman_vaults_nails, v_rooms_6, nicolae_vaults_angled_halls,
          nicolae_vaults_know_your_exits, nicolae_vaults_little_squares_2,
          ontoclasm_vaults_decontamination, layout_vaults_omnibox
Vaults:5: uniq_mara
Crypt:1:  layout_misc_corridors, basic_altar, palyth_stone_intersect,
          serial_sigils_hangedman_quiver, hangedman_feature_mirror
Crypt:2:  layout_basic, skrybe_necro_troll_1
Crypt:3:  david_glass_crypt, layout_basic
Depths:1: layout_cave_pools, hell_entry, minislime_mu, firewood_loft,
          uniq_bai_suzhen
Depths:2: evilmike_library_of_no_secrets, layout_basic, enter_ziggurat_c,
          enter_trove_2, hell_entry
Depths:3: gammafunk_depths_water_palace, layout_cross, rand_demon_pan_entry_3,
          hangedman_decor_diamond_cutter, hell_entry, serial_shops,
          bzr_entry_safe, minmay_staircase_windowed_large, uniq_frederick,
          uniq_xtahua
Depths:4: radiant_caverns_a_rkd, hell_entry, abyss_entry
Depths:5: evilmike_zot_entry_gauntlet, layout_honeycomb,
          chequers_serial_rivers_micro_e, grunt_metal_band,
          abyss_entry_flame_altar, serial_shops, nicolae_shop_behind_doors,
          serial_bayou_shore_a
Zot:1:    layout_gridlike
Zot:2:    layout_twisted_circle
Zot:3:    nicolae_zot_stationary_front, layout_basic, st_small_dragon_hoard_1,
          drop_trap, hangedman_snake_sidewinding
Zot:4:    lemuel_firehouse, layout_onion_interference, bh_zot_lava_cross
Zot:5:    layout_basic, grunt_ministairs_15, skrybe_zot_glass_3

Skill      XL: |  1  2  3  4  5  6  7  8  9 10 11 12 13 14 15 16 17 18 19 20 21 22 23 24 25 26 27 |
---------------+----------------------------------------------------------------------------------+-----
Armour         | 1 2 3 4 5 6 7 9 10 11 12 13 14 15 16 17 18 20 21 23 | 23.0
Short Blades   | 1 2 3 5 6 7 |  7.4
Throwing       | 5 6 7 8 9 10 11 12 14 15 16 17 18 19 21 | 21.9
Shields        | 1 2 4 6 7 9 10 11 12 13 14 15 | 15.0
Fighting       | 3 4 5 7 8 9 10 11 12 13 14 15 16 18 19 20 21 27 | 27.0
Slings         | 3 |  3.6
Invocations    | 3 4 6 7 8 9 10 12 | 12.0
Axes           | 6 11 12 13 15 16 17 18 21 | 21.5
Spellcasting   | 4 5 7 |  7.0
Charms         | 3 5 6 |  6.4
Necromancy     | 3 5 |  5.0
Evocations     | 11 | 11.7
Dodging        | 11 | 11.7
Earth Magic    | 5 |  5.0
Transmutations | 5 |  5.0
Maces & Flails | |  0.4
Stealth        | |  1.2

Action                   |  1- 3 |  4- 6 |  7- 9 | 10-12 | 13-15 | 16-18 | 19-21 | 22-24 | 25-27 || total
-------------------------+-------+-------+-------+-------+-------+-------+-------+-------+-------++-------
Melee: Short sword       |   120 |    27 |       |       |       |       |       |       |       ||   147
       Flail             |       |   235 |    50 |       |       |       |       |       |       ||   285
       Dagger            |       |       |    24 |   159 |       |       |       |       |       ||   183
       War axe           |       |       |       |    27 |   421 |   319 |    62 |    27 |    26 ||   882
       Broad axe         |       |       |       |       |       |       |       |       |   336 ||   336
       Executioner's axe |       |       |       |       |       |       |       |       |   216 ||   216
 Fire: Hunting sling     |       |       |   142 |   458 |   331 |       |       |       |       ||   931
       Fustibalus        |       |       |       |       |       |   523 |  1280 |  1240 |  2176 ||  5219
Throw: Javelin           |     5 |       |     4 |    22 |    25 |    21 |       |       |   111 ||   188
       Dart              |    20 |    82 |    49 |    53 |    19 |    13 |       |       |       ||   236
       Boomerang         |       |     7 |       |       |   482 |   155 |     3 |       |       ||   647
       Throwing net      |       |       |       |     2 |       |       |       |       |       ||     2
 Cast: Song of Slaying   |       |       |       |       |       |       |    53 |    63 |   126 ||   242
       Regeneration      |       |       |       |       |       |       |     7 |     9 |    23 ||    39
Invok: Heroism           |       |       |       |     4 |     4 |     8 |     1 |     1 |    14 ||    32
       Finesse           |       |       |       |       |     4 |     5 |       |     2 |    12 ||    23
 Abil: Dig               |       |       |       |     1 |     1 |     1 |    13 |       |    15 ||    31
Evoke: Wand              |       |       |     2 |       |     1 |       |       |     2 |     1 ||     6
  Use: Scroll            |       |       |     8 |     6 |     3 |    20 |     8 |     8 |    14 ||    67
       Potion            |       |       |       |     2 |     1 |     6 |     1 |       |    22 ||    32
 Stab: Distracted        |       |       |       |       |     1 |       |       |       |     2 ||     3
       Paralysed         |       |       |       |       |     1 |       |       |       |       ||     1
       Invisible         |       |       |       |       |       |       |       |       |     6 ||     6
  Eat: Chunk             |     2 |     8 |    10 |    18 |    31 |     8 |    25 |    13 |    11 ||   126
       Ration            |       |       |     1 |     2 |       |     6 |     3 |     4 |    20 ||    36
Armor: Chain mail        |    71 |    30 |       |       |     7 |    82 |   132 |       |       ||   322
       Ring mail         |       |    52 |       |       |       |       |       |       |       ||    52
       Plate armour      |       |   134 |    57 |   141 |   212 |    37 |       |       |       ||   581
       Ice dragon scales |       |       |       |       |       |    27 |       |       |       ||    27
       Crystal plate arm |       |       |       |       |       |       |    10 |    41 |       ||    51
       Gold dragon scale |       |       |       |       |       |       |       |   162 |   540 ||   702
Dodge: Dodged            |    44 |   113 |    27 |    55 |    85 |    78 |   156 |   112 |   363 ||  1033
Block: Buckler           |       |    36 |    13 |     2 |       |       |       |       |       ||    51
       Shield            |       |       |       |   117 |   102 |   113 |   336 |   303 |       ||   971
       Large shield      |       |       |       |       |   259 |   231 |       |       |  1070 ||  1560
       Reflection        |       |       |       |       |       |    34 |    87 |    61 |    30 ||   212

Table legend:
 A = Non-vault XP
 B = Vault XP
 C = Vault XP percentage of total XP
 D = Non-vault monster count
 E = Vault monster count
 F = Vault count percentage of total count
                 A         B        C        D         E       F
            +---------+---------+-------+---------+---------+-------
      Total |  850556 | 1036812 |  54.9 |    1451 |    1080 |  42.7
            +---------+---------+-------+---------+---------+-------
        D:1 |      43 |       3 |   6.5 |      26 |       2 |   7.1
        D:2 |      64 |      53 |  45.3 |      15 |       9 |  37.5
        D:3 |      71 |      38 |  34.9 |      22 |      13 |  37.1
        D:4 |     364 |       0 |   0.0 |      22 |       0 |   0.0
        D:5 |     614 |       0 |   0.0 |      12 |       0 |   0.0
        D:6 |    1108 |     355 |  24.3 |      21 |       3 |  12.5
        D:7 |    1658 |       0 |   0.0 |      22 |       0 |   0.0
        D:8 |    2026 |    2840 |  58.4 |      19 |       9 |  32.1
        D:9 |    2609 |       0 |   0.0 |      23 |       0 |   0.0
       D:10 |    1040 |    7100 |  87.2 |      23 |      24 |  51.1
       D:11 |    7159 |    5532 |  43.6 |      49 |      31 |  38.8
       D:12 |    6683 |    1458 |  17.9 |      23 |       5 |  17.9
       D:13 |    7357 |    5513 |  42.8 |      28 |       8 |  22.2
       D:14 |   15546 |    1507 |   8.8 |      48 |       3 |   5.9
       D:15 |   21057 |    5393 |  20.4 |      45 |       4 |   8.2
     Lair:1 |    3609 |    5108 |  58.6 |      14 |       9 |  39.1
     Lair:2 |    3170 |       0 |   0.0 |      12 |       0 |   0.0
     Lair:3 |    8234 |    1796 |  17.9 |      33 |       8 |  19.5
     Lair:4 |    5066 |    5245 |  50.9 |      26 |      11 |  29.7
     Lair:5 |    9386 |    1399 |  13.0 |      43 |       2 |   4.4
     Lair:6 |    6477 |   11420 |  63.8 |      20 |      22 |  52.4
   Shoals:1 |   10971 |    3639 |  24.9 |      21 |       2 |   8.7
   Shoals:2 |    8660 |    7568 |  46.6 |      17 |       7 |  29.2
   Shoals:3 |    4821 |       0 |   0.0 |      15 |       0 |   0.0
   Shoals:4 |   12069 |   27447 |  69.5 |      26 |      45 |  63.4
    Snake:1 |    6575 |    1658 |  20.1 |      13 |       1 |   7.1
    Snake:2 |   24347 |   12661 |  34.2 |      46 |       7 |  13.2
    Snake:3 |   13803 |    3727 |  21.3 |      26 |       2 |   7.1
    Snake:4 |   14012 |   34742 |  71.3 |      21 |      46 |  68.7
      Orc:1 |    4151 |    4365 |  51.3 |      31 |      13 |  29.5
      Orc:2 |     483 |   14850 |  96.8 |       8 |      76 |  90.5
      Elf:1 |   17938 |   12547 |  41.2 |      29 |      20 |  40.8
      Elf:2 |   16819 |   23883 |  58.7 |      24 |      29 |  54.7
      Elf:3 |   24053 |   53389 |  68.9 |      40 |      42 |  51.2
   Vaults:1 |    4846 |   19209 |  79.9 |      17 |      43 |  71.7
   Vaults:2 |   12311 |   22386 |  64.5 |      20 |      29 |  59.2
   Vaults:3 |   42242 |   24493 |  36.7 |      65 |      26 |  28.6
   Vaults:4 |   20877 |   28086 |  57.4 |      29 |      39 |  57.4
   Vaults:5 |   42746 |  137844 |  76.3 |      61 |      92 |  60.1
    Crypt:1 |   23452 |    1323 |   5.3 |      24 |       2 |   7.7
    Crypt:2 |   18277 |    1536 |   7.8 |      30 |       5 |  14.3
    Crypt:3 |   16951 |   26919 |  61.4 |      21 |      15 |  41.7
   Depths:1 |   39227 |   10422 |  21.0 |      67 |      15 |  18.3
   Depths:2 |   22261 |   19424 |  46.6 |      29 |      20 |  40.8
   Depths:3 |   27534 |  103261 |  78.9 |      31 |      61 |  66.3
   Depths:4 |    5676 |   65049 |  92.0 |       1 |      97 |  99.0
   Depths:5 |   35124 |   31499 |  47.3 |      26 |      25 |  49.0
      Zot:1 |   43709 |       0 |   0.0 |      27 |       0 |   0.0
      Zot:2 |   38558 |       0 |   0.0 |      23 |       0 |   0.0
      Zot:3 |   60807 |   46358 |  43.3 |      32 |      32 |  50.0
      Zot:4 |   41816 |   23775 |  36.2 |      22 |      33 |  60.0
      Zot:5 |   80500 |  193743 |  70.6 |      42 |      48 |  53.3
    Abyss:2 |   11599 |       0 |   0.0 |      21 |       0 |   0.0
      IceCv |       0 |   11004 | 100.0 |       0 |      27 | 100.0
     WizLab |       0 |   15245 | 100.0 |       0 |      18 | 100.0
            +---------+---------+-------+---------+---------+-------
